 Dungeon Crawl Stone Soup version 0.20-a0-947-g2784f4f (webtiles) character file.

55 Idiomancer the Skirmisher (level 3, 0/36 HPs)
             Began as a Gargoyle Berserker on Apr 3, 2017.
             Was a Believer of Trog.
             Slain by a gnoll
             ... wielding a +0 halberd
              (5 damage)
             ... on level 2 of the Dungeon.
             The game lasted 00:03:24 (1507 turns).

Idiomancer the Skirmisher (Gargoyle Berserker)      Turns: 1507, Time: 00:03:25

Health: 0/36       AC:  8    Str: 25    XL:     3   Next: 93%
Magic:  3/3        EV: 11    Int:  7    God:    Trog [**....]
Gold:   57         SH:  0    Dex: 10    Spells: 2/2 levels left

rFire    . . .     SeeInvis .   a - +0 mace
rCold    . . .     Gourm    .   (no shield)
rNeg     + . .     Faith    .   f - +0 ring mail
rPois    ∞         Spirit   .   (no helmet)
rElec    +         Reflect  .   (no cloak)
rCorr    .         Harm     .   (no gloves)
MR       .....                  (no boots)
Stlth    ..........             (no amulet)
Regen    0.2/turn               (no ring)
MPRegen  0.1/turn               (no ring)

@: berserking (expiring), very quick
A: negative energy resistance 1, electricity resistance, unbreathing,
petrification resistance, rot immunity, AC +3
a: Berserk, Trog's Hand, Burn Spellbooks, Renounce Religion


You were on level 2 of the Dungeon.
You worshipped Trog.
Trog was pleased with you.
You were very hungry.

You visited 1 branch of the dungeon, and saw 2 of its levels.

You collected 57 gold pieces.

Inventory:

Hand Weapons
 a - a +0 mace (weapon)
Armour
 f - a +0 ring mail (worn)
Scrolls
 d - a scroll of identify {unknown}
 e - a scroll of magic mapping {unknown}
 g - a scroll of random uselessness {unknown}
 h - 2 scrolls of fear {unknown}
 l - a scroll of immolation {unknown}
Potions
 b - a potion of brilliance {unknown}
 j - 2 potions of agility {unknown}
 m - a potion of curing {unknown}
Comestibles
 c - a bread ration
 i - 2 fruits
 k - 2 meat rations
 n - 2 chunks of flesh
 o - a royal jelly


   Skills:
 + Level 4.2 Fighting
 + Level 4.0 Maces & Flails
 - Level 2.1 Armour
 - Level 1.5 Dodging


You had 2 spell levels left.
You didn't know any spells.

Dungeon Overview and Level Annotations

Branches:
Dungeon (2/15)

Altars:
Qazlal

Annotations:
D:2 Robin


Innate Abilities, Weirdness & Mutations

You are resistant to torment.
Your stone body is resilient. (AC +3)
You are immune to poison.
You resist negative energy. (rN+)
You are resistant to electric shocks. (rElec)
You can survive without breathing.
You are immune to petrification.
You are immune to rotting.


Message History

Your ring mail prevents you from hitting the hobgoblin.
The giant cockroach bites you but does no damage.
The gnoll closely misses you.
You sock the hobgoblin!
You kill the hobgoblin!
Trog accepts your kill.
Your Maces & Flails skill increases to level 4!
The giant cockroach bites you but does no damage.
The goblin misses you.
The hobgoblin hits you but does no damage.
You closely miss the goblin. The giant cockroach closely misses you.
The gnoll hits you from afar with a halberd!
* * * LOW HITPOINT WARNING * * *
The goblin misses you. The goblin closely misses you.
You miss the goblin.
The giant cockroach bites you but does no damage.
The hobgoblin barely misses you. The goblin hits you but does no damage.
The goblin barely misses you.
The gnoll hits you from afar with a halberd.
You die...

.## ..## ..%... ### ...#
...... ...... ...# .......
...... ...####........# ......
.......[........ #......
.....#........g. ##.......
####.#.........s###g....... #
#.#.........g@ggr......g ##
#..........gg###§##§....
.###..........[g.....§# .
......................#
......................###..
##...................≈.^.(.
##.#......................_§.
...........................≈§
.###........#........^##^..^##


You could see Robin, a gnoll, a quokka, a giant cockroach, 2 hobgoblins and 4
goblins.

Vanquished Creatures
  2 gnolls (D:2)
  3 giant cockroaches (D:1)
  9 goblins
  5 hobgoblins
  2 jackals (D:1)
  3 ball pythons (D:1)
  2 bats
  3 frilled lizards
  A kobold (D:1)
  3 rats (D:1)
33 creatures vanquished.

Notes
Turn   | Place    | Note
-------+----------+-------------------------------------------
     0 | D:1      | Idiomancer the Gargoyle Berserker began the quest for the Orb.
     0 | D:1      | Reached XP level 1. HP: 14/14 MP: 1/1
   178 | D:1      | Reached XP level 2. HP: 19/19 MP: 2/2
  1057 | D:1      | Reached XP level 3. HP: 7/24 MP: 3/3
  1401 | D:2      | Reached ** piety under Trog
  1476 | D:2      | Found a stormy altar of Qazlal.
  1493 | D:2      | Noticed Robin
  1507 | D:2      | Slain by a gnoll

Vault maps used:
D:1:      dpeg_arrival_simpleton_c, moated_statue
D:2:      grunt_qazlal_sundering, first_bread, solitary_fountain, uniq_robin

Skill      XL: |  1  2  3 |
---------------+----------+-----
Fighting       | 4 |  4.2
Maces & Flails | 4 |  4.0
Armour         | |  2.1
Dodging        | |  1.5

Action                   || total
-------------------------++-------
Melee: Mace              ||   107
Invok: Berserk           ||     1
  Eat: Fruit             ||     2
Armor: Animal skin       ||     5
       Ring mail         ||    94
Dodge: Dodged            ||    90
